 Dungeon Crawl Stone Soup version 0.21-a0-150-gc243083 (webtiles) character file.

502 scotch the Spear-Bearer (level 7, 0/55 HPs)
             Began as a Merfolk Gladiator on July 29, 2017.
             Succumbed to an orc wizard's poison
             ... on level 4 of the Dungeon.
             The game lasted 00:09:43 (4991 turns).

scotch the Spear-Bearer (Merfolk Gladiator)         Turns: 4991, Time: 00:09:44

Health: 0/55       AC:  5    Str: 14 (17) XL:     7   Next: 17%
Magic:  7/7        EV: 14    Int:  9 (12) God:
Gold:   44         SH:  3    Dex: 14 (17) Spells: 6/6 levels left

rFire    . . .     SeeInvis .   a - +2 trident
rCold    . . .     Gourm    .   m - +0 buckler
rNeg     . . .     Faith    .   b - +0 leather armour
rPois    .         Spirit   .   c - +0 helmet
rElec    .         Reflect  .   o - scarf {cloud immunity}
rCorr    .         Harm     .   (no gloves)
MR       +....                  (no boots)
Stlth    +.........             (no amulet)
HPRegen  0.18/turn              (no ring)
MPRegen  0.10/turn              (no ring)

@: brilliant, lethally poisoned (0 -> -17), hasted and slowed
A: change form in water, swift swim, stealthy swim, magic resistance 1, shaggy
fur 1, strong 1, no potion heal 1
a: no special abilities


You were on level 4 of the Dungeon.
You were not hungry.

You visited 1 branch of the dungeon, and saw 4 of its levels.
You also visited: Sewer.

You collected 141 gold pieces.
You spent 97 gold pieces at shops.

Inventory:

Hand Weapons
 a - a +2 trident (weapon)
 g - a +2 dagger of venom
Missiles
 u - 103 stones (quivered)
Armour
 b - a +0 leather armour (worn)
 c - a +0 helmet (worn)
 m - a +0 buckler (worn)
 o - a scarf of cloud immunity (worn)
Jewellery
 t - an uncursed amulet of harm {unknown}
 y - an uncursed amulet of guardian spirit {unknown}
 C - an uncursed amulet of harm {unknown}
 F - an uncursed ring of magical power {unknown}
Scrolls
 d - 2 scrolls of identify {unknown}
 h - a scroll of magic mapping
 j - a scroll of recharging {unknown}
 k - a scroll of fog
 l - 2 scrolls of enchant weapon
 x - a scroll of remove curse
 z - 2 scrolls of amnesia {unknown}
 A - a scroll of noise {unknown}
Potions
 r - a potion of flight
 v - 3 potions of lignification
Comestibles
 f - 3 bread rations
 n - a royal jelly
 s - 3 fruits
 E - a meat ration


   Skills:
 + Level 4.3 Fighting
 * Level 8.8 Polearms
 - Level 2.0 Throwing
 + Level 6.2 Dodging


You had 6 spell levels left.
You didn't know any spells.

Dungeon Overview and Level Annotations

Branches:
Dungeon (4/15)
 Temple: D:4-7

Altars:
Hepliaklqana
Ru
Uskayaw
Zin

Shops:
D:4 ?


Innate Abilities, Weirdness & Mutations

You revert to your normal form in water.
You are very nimble and swift while swimming.
You are very stealthy in the water. (Stealth+)
You are resistant to hostile enchantments. (MR+)
You are covered in fur. (AC +1)
Your muscles are strong. (Str +2)
Potions are less effective at restoring your health.


Message History

The orc wizard is almost dead.
* * * LOW HITPOINT WARNING * * *
You feel sick.
The orc wizard hits you but does no damage.
You are more poisoned.
You hit the orc wizard.
You kill the orc wizard!
* * * LOW HITPOINT WARNING * * *
You feel sick.
* * * LOW HITPOINT WARNING * * *
You feel sick.
Things that are here:
a dagger of venom; a robe
* * * LOW HITPOINT WARNING * * *
You feel sick.
There is a lethal amount of poison in your body!
There is a lethal amount of poison in your body!
There is a lethal amount of poison in your body!
Unknown command.
You die...

.......#.##.#≈≈≈≈#.......#
..8..#...##.##≈≈##.#.###.#
....###..##..#≈≈#....# #
.8..#.#..###.'##'.##.###.#
....'_#..............o...#
.8..#.#..####..##.##....#
....###.#####..##)##..#.#
..8..#..........)...%.#.#
##.....######...@(......#
###.### #.....###.#.# #.#
#[.#### # #.# #..# #.#
#..#####.. #.# #........#
## #)# ##.#####.. .# #.#
#######.######.
.###)###......<.......


There were no monsters in sight!

Vanquished Creatures
  2 scorpions
  5 orc wizards (D:4)
  An orc priest (D:4)
  A worker ant (D:4)
  3 gnolls (D:2)
  5 adders
  A river rat (D:4)
  2 worms (D:3)
  A dart slug (D:4)
  2 leopard geckos (Sewer)
  21 orcs
  4 giant cockroaches
  6 hobgoblins
  7 jackals
  3 quokkas
  4 ball pythons
  10 bats
  2 frilled lizards
  9 goblins
  4 kobolds
  9 rats
102 creatures vanquished.

Notes
Turn   | Place    | Note
-------+----------+-------------------------------------------
     0 | D:1      | scotch the Merfolk Gladiator began the quest for the Orb.
     0 | D:1      | Reached XP level 1. HP: 16/16 MP: 1/1
   575 | D:1      | Reached XP level 2. HP: 19/22 MP: 2/2
   777 | D:1      | Reached skill level 5 in Polearms
  1028 | D:2      | Reached XP level 3. HP: 20/28 MP: 3/3
  1610 | D:2      | Reached skill level 6 in Polearms
  1610 | D:2      | Reached XP level 4. HP: 28/34 MP: 4/4
  2214 | D:2      | Reached skill level 5 in Dodging
  2214 | D:2      | Reached XP level 5. HP: 41/41 MP: 5/5
  2568 | D:3      | Reached skill level 7 in Polearms
  2748 | D:3      | Found a hide-covered altar of Uskayaw.
  3565 | D:4      | Found Raopity's Magic Scroll Emporium.
  3578 | D:4      | Reached XP level 6. HP: 36/47 MP: 6/6
  3588 | D:4      | Bought a scroll of blinking for 97 gold pieces
  3618 | D:4      | Found a sacrificial altar of Ru.
  3680 | D:4      | Reached skill level 8 in Polearms
  3701 | D:4      | Found a glowing drain.
  3707 | Sewer    | Entered a sewer
  4544 | D:4      | Found a glowing silver altar of Zin.
  4772 | D:4      | Reached XP level 7. HP: 47/54 MP: 7/7
  4867 | D:4      | Found a hazy altar of Hepliaklqana.
  4985 | D:4      | Gained mutation: Your muscles are strong. (Str +2) [potion of mutation]
  4985 | D:4      | Gained mutation: Potions are less effective at restoring your health. [potion of mutation]
  4985 | D:4      | Gained mutation: You are covered in fur. (AC +1) [potion of mutation]
  4985 | D:4      | Gained mutation: You are resistant to hostile enchantments. (MR+) [potion of mutation]
  4990 | D:4      | HP: 1/55 [poisoned by an orc wizard]
  4991 | D:4      | Succumbed to an orc wizard's poison

Vault maps used:
D:1:      dpeg_arrival_long_road, minmay_misc_feat_five
D:3:      lemuel_doored_altar
D:4:      lemuel_round_altar, zin_statuary, lemuel_coloured_pillars_altar,
          first_bread, gup_sewer_entry_bowl, serial_shops, shop
Sewer:    sewer_fruit_machine

Skill      XL: |  1  2  3  4  5  6 |
---------------+-------------------+-----
Polearms       | 5 6 7 8 |  8.8
Fighting       | 3 4 |  4.3
Dodging        | 5 6 |  6.2
Throwing       | |  2.0

Action                   |  1- 3 |  4- 6 |  7- 9 || total
-------------------------+-------+-------+-------++-------
Melee: Trident           |    78 |   303 |    19 ||   400
       Tailslap          |       |     3 |       ||     3
Throw: Throwing net      |     5 |       |       ||     5
       Stone             |       |     1 |       ||     1
  Use: Scroll            |       |     7 |     1 ||     8
       Potion            |       |     3 |     9 ||    12
 Stab: Sleeping          |     4 |     3 |       ||     7
       Distracted        |       |     2 |       ||     2
  Eat: Chunk             |     1 |    10 |       ||    11
       Royal jelly       |       |     1 |       ||     1
Armor: Leather armour    |     8 |    54 |     2 ||    64
       Skin              |       |       |     1 ||     1
Dodge: Dodged            |    42 |   222 |     3 ||   267
Block: Buckler           |       |    22 |     3 ||    25
